 Dungeon Crawl Stone Soup version 0.27-a0-1232-gc6a4cbde82 (webtiles) character file.

Game seed: 7675986060039566500

51 ZappyNine the Skirmisher (level 3, 0/40 HPs)
             Began as an Ogre Fighter on June 8, 2021.
             Succumbed to a goblin's poison
             ... on level 2 of the Dungeon.
             The game lasted 00:01:16 (1119 turns).

ZappyNine the Skirmisher (Ogre Fighter)             Turns: 1119, Time: 00:01:17

Health: 0/40       AC:  3    Str: 18 (20) XL:     3   Next: 83%
Magic:  3/3        EV:  8    Int:  6 (9)  God:
Gold:   62         SH:  8    Dex:  8 (9)  Spells: 2/2 levels left

rFire    . . .     SeeInvis .   a - +0 flail
rCold    . . .     Faith    .   c - +0 kite shield
rNeg     . . .     Spirit   .   b - +0 robe
rPois    .         Reflect  .   (helmet restricted)
rElec    .         Harm     .   (no cloak)
rCorr    .         Rampage  .   (gloves unavailable)
Will     .....                  (boots unavailable)
Stlth    +.........             (no amulet)
HPRegen  0.13/turn              (no ring)
MPRegen  0.08/turn              (no ring)

@: lethally poisoned (0 -> -16), attractive, very slightly contaminated,
invisible
A: large, unfitting armour, tough skin 1
a: no special abilities


You were on level 2 of the Dungeon.
You visited 1 branch of the dungeon, and saw 2 of its levels.

You collected 62 gold pieces.

Inventory:

Hand Weapons
 a - a +0 flail (weapon)
Armour
 b - a +0 robe (worn)
 c - a +0 kite shield (worn)
Scrolls
 i - a scroll of identify {unknown}
 j - a scroll of fear {unknown}
 k - a scroll of amnesia {unknown}
Potions
 d - a potion of might
 g - a potion of attraction
 h - a potion of cancellation {unknown}


   Skills:
 + Level 4.6 Fighting
 * Level 2.8 Maces & Flails
 + Level 3.1 Dodging
 - Level 2.6 Shields


You had 2 spell levels left.
You didn't know any spells.
Your spell library contained the following spells:

 Spells                   Type           Power      Damage    Failure   Level
 Summon Small Mammal      Summ           0%         N/A       89%         1
 Call Imp                 Summ           0%         N/A       96%         2
 Call Canine Familiar     Summ           0%         N/A       99%         3
 Summon Guardian Golem    Hex/Summ       0%         N/A       99%         3
 Summon Ice Beast         Ice/Summ       0%         N/A       100%        4
 Summon Lightning Spire   Summ/Air       0%         N/A       100%        4


Dungeon Overview and Level Annotations

Branches:
Dungeon (2/15)

Altars:

Annotations:
D:2 Natasha, Robin


Innate Abilities, Weirdness & Mutations

You are too large for most types of armour.
You have tough skin. (AC +1)


Message History

You are very lightly contaminated with residual magic.
It was a potion of degeneration.
There was something very wrong with that liquid.
You feel weakened.
You feel dopey.
You feel clumsy.
You feel very sick.
The goblin unwields a +0 club.
The goblin wields a +0 hunting sling.
The goblin shoots a stone.
The stone misses the hobgoblin.
The stone hits the goblin.
Natasha casts a spell.
The goblin barely misses you.
You miss the goblin.
The goblin is severely wounded.
You feel very sick.
The goblin hits you with a +0 dagger of venom.
You are lethally poisoned!
Robin roars a battlecry!
The goblin goes into a battle-frenzy!
Unknown command.
You barely miss the goblin.
The goblin is severely wounded.
* * * LOW HITPOINT WARNING * * *
You feel very sick.
The hobgoblin no longer looks unusually strong.
The goblin shoots a stone.
The stone hits the hobgoblin!
The hobgoblin dies!
You block the goblin's attack.
The goblin shoots a stone.
The stone completely misses the goblin.
The stone barely misses the goblin.
You block the stone. The goblin hits you but does no damage.
You are more poisoned.
Unknown command.
You barely miss the goblin.
The goblin is severely wounded.
* * * LOW HITPOINT WARNING * * *
You feel extremely sick.
The goblin shoots a stone.
The stone hits the goblin.
The goblin dies!
You block the goblin's attack.
Unknown command.
It was a potion of attraction.
You feel attractive to monsters.
You die...

.......#...........#
g......#...........#
.......#...........#
.......#...........#
g......#...^.......#
......g............#
......g......†.....#
.........g.##+######
.....[.g.5.##@#
...........##g########
.......gh.5.ggh.......
.......5...5gg########
#######....##5#
#...(##.# #....##.#
#######.# #.#


You could see Robin, Natasha, 2 crimson imps, 2 hobgoblins and 2 goblins.

Vanquished Creatures
  2 adders (D:2)
  A dart slug (D:1)
  4 ball pythons
  5 bats
  5 endoplasms
  2 giant cockroaches (D:1)
  4 goblins
  A hobgoblin (D:2)
  A quokka (D:2)
  A frilled lizard (D:1)
  2 kobolds (D:2)
28 creatures vanquished.

Vanquished Creatures (others)
  A goblin (D:2)
  A hobgoblin (D:2)
2 creatures vanquished.

Grand Total: 30 creatures vanquished

Notes
Turn   | Place    | Note
-------+----------+-------------------------------------------
     0 | D:1      | ZappyNine the Ogre Fighter began the quest for the Orb.
     0 | D:1      | Reached XP level 1. HP: 24/24 MP: 1/1
   224 | D:1      | Reached XP level 2. HP: 32/32 MP: 2/2
   289 | D:1      | Found a faded altar of an unknown god.
   805 | D:2      | Reached XP level 3. HP: 36/40 MP: 3/3
  1101 | D:2      | Noticed Natasha
  1101 | D:2      | Noticed Robin
  1119 | D:2      | Succumbed to a goblin's poison

Illustrated notes

Levels and vault maps discovered:
D:1:      dpeg_arrival_lava_altar, layout_basic,
          shapermc_ecumenical_altar_flowoftime
D:2:      layout_basic, minmay_misc_feat_doors, kennysheep_generic_room_9,
          uniq_robin, uniq_sigmund, uniq_natasha

Skill      XL: |  1  2 |
---------------+-------+-----
Maces & Flails | 2 |  2.8
Dodging        | 3 |  3.1
Fighting       | |  4.6
Shields        | |  2.6

Action                   || total
-------------------------++-------
Melee: Flail             ||    76
  Use: Potion            ||     3
 Stab: Sleeping          ||     1
Armor: Robe              ||    48
Dodge: Dodged            ||    49
Block: Kite shield       ||    56

Table legend: (Time is in decaauts)
 A = Elapsed time spent in this place.
 B = Non-inter-level travel time spent in this place.
 C = Inter-level travel time spent in this place.
 D = Time resting spent in this place.
 E = Time spent auto-exploring this place.
 F = Levels seen in this place.
 G = Mean time per level.
                   A        B        C        D        E       F      G
               +--------+--------+--------+--------+--------+-----+--------+
         Total |   1163 |   1145 |     18 |      0 |    932 |   2 |  581.5 |
       Dungeon |   1163 |   1145 |     18 |      0 |    932 |   2 |  581.5 |
               +--------+--------+--------+--------+--------+-----+--------+

Top non-repeatable levels by time:
     D:1: 788 daAuts
     D:2: 374 daAuts
